 Dungeon Crawl Stone Soup version 0.19-a0-1837-gdfe47cf (webtiles) character file.

73 JeffiDaFish the Sneak (level 4, 0/30 HPs)
             Began as a Vampire Enchanter on Oct 9, 2016.
             Slain by a gnoll
             ... wielding a cursed +0 whip
              (2 damage)
             ... on level 2 of the Dungeon.
             The game lasted 00:05:38 (1676 turns).

JeffiDaFish the Sneak (Vampire Enchanter)           Turns: 1676, Time: 00:05:38

Health: 0/30       AC:  4    Str:  8    XL:     4   Next: 8%
Magic:  7/7        EV: 13    Int: 17    God:
Gold:   97         SH:  0    Dex: 16    Spells: 2 memorised, 4 levels left

rFire  . . .     SeeInvis +     f - +2 dagger (venom)
rCold  . . .     Gourm    .     b - +1 robe
rNeg   + . .     Faith    .     (no shield)
rPois  .         Spirit   .     g - +2 hat
rElec  .         Dismiss  .     (no cloak)
rCorr  .         Reflect  .     (no gloves)
MR     .....     Harm     .     (no boots)
Stlth  +++.......               (no amulet)
                                (no ring)
                                (no ring)

@: no status effects
A: fangs 3, see invisible, agile 1, deformed body, wild magic 1, unbreathing
a: Bat Form


You were on level 2 of the Dungeon.
You were not thirsty.

You visited 1 branch of the dungeon, and saw 2 of its levels.

You collected 97 gold pieces.

Inventory:

Hand Weapons
 a - a +1 dagger
 f - a +2 dagger of venom (weapon)
Armour
 b - a +1 robe (worn)
 g - a +2 hat (worn)
Jewellery
 e - an uncursed amulet of rage
Potions
 d - 7 potions of blood
Books
 c - a book of Maledictions

   Spells                             Type                      Level
   a - Corona                         Hexes                        1
   b - Ensorcelled Hibernation        Hexes/Ice                    2
   c - Confuse                        Hexes                        3
   d - Tukima's Dance                 Hexes                        3
   e - Dazzling Spray                 Conjuration/Hexes            3


   Skills:
 * Level 0.1 Fighting
 + Level 1.3 Short Blades
 + Level 3.0 Dodging
 + Level 5.3 Stealth
 + Level 2.2 Spellcasting
 + Level 5.2 Hexes
 + Level 0.8 Ice Magic


You had 4 spell levels left.
You knew the following spells:

 Your Spells              Type           Power        Failure   Level  Hunger
a - Corona                Hex            ####...      4%          1    #......
b - Ensorcelled Hibernat  Hex/Ice        ###...       14%         2    ###....


Dungeon Overview and Level Annotations

Branches:
Dungeon (2/15)

Altars:


Innate Abilities, Weirdness & Mutations

You have razor-sharp teeth.
You have supernaturally acute eyesight. (SInv)
You can survive without breathing.
You are agile. (Dex +2)
Armour fits poorly on your strangely shaped body.
Your spells are a little harder to cast, but a little more powerful.


Message History

The gnoll is severely wounded.
The gnoll closely misses you. The gnoll hits you with a spear!
You hit the gnoll.
You kill the gnoll!
You have reached level 4!
The gnoll closely misses you.
You hit the gnoll but do no damage.
The gnoll is poisoned.
The gnoll hits you from afar with a halberd!
* * * LOW HITPOINT WARNING * * *
The gnoll hits you with a whip.
* * * LOW HITPOINT WARNING * * *
You closely miss the gnoll. You hit the gnoll but do no damage.
The gnoll looks as sick as possible!
You bite the gnoll.
The gnoll is lightly wounded.
The gnoll closely misses you. x2
You closely miss the gnoll.
The gnoll is lightly wounded.
The gnoll hits you with a whip.
You die...

##(...#...##.# #..... #.
#.#......# ##.... #.
#....###.# #.### ##...g.#.#
######### #.# ###$#.#.#.#
#..)....# #.# ........g.#
#.#####.# #.# ##......#.# #.#
#.# #.#
#......#.######.#####.###.#
...........gg@..........##.#
.##.....##..#####.#####..##.#
#.....##..# #.# #.......#
##...# #..# #.###.#..####
.... #... #..)......# .
##.#.# #..##.#..># #.#.#
#..##.#...# #..#.#
#....(...)#
.#.#.####.##.##.)####


You could see 2 gnolls.

Vanquished Creatures
  2 adders (D:2)
  2 gnolls (D:2)
  2 worms (D:2)
  A ball python (D:2)
  2 giant cockroaches (D:1)
  2 goblins
  2 hobgoblins
  7 jackals
  5 kobolds
  2 bats
  2 frilled lizards
  A rat (D:1)
30 creatures vanquished.

Notes
Turn   | Place    | Note
-------+----------+-------------------------------------------
     0 | D:1      | JeffiDaFish the Vampire Enchanter began the quest for the Orb.
     0 | D:1      | Reached XP level 1. HP: 13/13 MP: 3/3
   352 | D:1      | Gained mutation: You are agile. (Dex +2) [potion of mutation]
   352 | D:1      | Gained mutation: Armour fits poorly on your strangely shaped body. [potion of mutation]
   352 | D:1      | Gained mutation: Your spells are a little harder to cast, but a little more powerful. [potion of mutation]
   436 | D:1      | Reached skill level 5 in Hexes
   479 | D:1      | Reached XP level 2. HP: 19/19 MP: 5/5
   607 | D:1      | Learned a level 2 spell: Ensorcelled Hibernation
  1172 | D:2      | Reached skill level 5 in Stealth
  1207 | D:2      | Reached XP level 3. HP: 20/24 MP: 6/6
  1671 | D:2      | Reached XP level 4. HP: 15/30 MP: 7/7
  1676 | D:2      | Slain by a gnoll

Vault maps used:
D:1:      lemuel_arrival_funnel, st_stairs_7

Skill      XL: |  1  2  3 |
---------------+----------+-----
Hexes          | 5 |  5.2
Stealth        | 5 |  5.3
Dodging        | 3 |  3.0
Fighting       | |  0.1
Short Blades   | |  1.3
Spellcasting   | |  2.2
Ice Magic      | |  0.8

Action                   |  1- 3 |  4- 6 || total
-------------------------+-------+-------++-------
Melee: Dagger            |    86 |     4 ||    90
       Bite              |     7 |     1 ||     8
 Cast: Ensorcelled Hiber |     3 |       ||     3
  Use: Potion            |     8 |       ||     8
       Scroll            |     8 |       ||     8
 Stab: Sleeping          |    10 |       ||    10
Armor: Robe              |    14 |       ||    14
Dodge: Dodged            |    47 |     3 ||    50
